 Dungeon Crawl Stone Soup version 0.29.1-15-g9cfb28693d (webtiles) character file.

Game seed: 5750462979836325737

58 Sanktem7 the Trooper (level 3, 0/33 HPs)
             Began as a Minotaur Fighter on Mar 15, 2023.
             Slain by Sigmund
             ... wielding a +0 scythe
              (1 damage)
             ... on level 2 of the Dungeon.
             The game lasted 00:01:26 (1208 turns).

Sanktem7 the Trooper (Minotaur Fighter)             Turns: 1208, Time: 00:01:27

Health: 0/33       AC:  7    Str: 22    XL:     3   Next: 76%
Magic:  2/2        EV:  9    Int:  5    God:
Gold:   112        SH:  4    Dex:  9    Spells: 2/2 levels left

rFire   . . .      SeeInvis .   a - +0 war axe {axe}
rCold   . . .      Faith    .   c - +0 buckler
rNeg    . . .      Spirit   .   b - +0 scale mail
rPois   .          Reflect  .   (helmet restricted)
rElec   .          Harm     .   (no cloak)
rCorr   .          Rampage  .   (no gloves)
Will    .....                   (no boots)
Stlth   ..........              (no amulet)
HPRegen 0.11/turn               (no ring)
MPRegen 0.08/turn               (no ring)

@: no status effects
A: horns 2, retaliatory headbutt
a: no special abilities


You were on level 2 of the Dungeon.
You visited 1 branch of the dungeon, and saw 2 of its levels.

You collected 112 gold pieces.


Innate Abilities, Weirdness & Mutations

You have a pair of horns on your head.
You reflexively headbutt those who attack you in melee.


   Skills:
 + Level 4.1 Fighting
 * Level 3.7 Axes
 + Level 4.1 Armour
 + Level 4.1 Shields


You had 2 spell levels left.
You didn't know any spells.
Your spell library contained the following spells:

 Spells                   Type           Power      Damage    Failure   Level
 Ensorcelled Hibernation  Hex/Ice        0%         N/A       95%         2
 Spider Form              Tmut/Pois      0%         N/A       99%         3
 Anguish                  Hex/Necr       0%         N/A       100%        4

Inventory:

Hand Weapons
 a - a +0 war axe (weapon) {axe}
 i - a +1 dagger of venom {short}
   (You took it off a kobold on level 1 of the Dungeon)
Missiles
 f - 7 poisoned darts (quivered) {throwing}
 g - 16 stones {throwing}
Armour
 b - a +0 scale mail (worn)
 c - a +0 buckler (worn)
Scrolls
 e - 3 scrolls of magic mapping {unknown}
 h - a scroll of poison {unknown}
 j - 2 scrolls of fear {unknown}
 k - a scroll of identify {unknown}
Potions
 d - 2 potions of might
 l - a potion of attraction {unknown}
 m - a potion of heal wounds {unknown}
 n - a potion of brilliance {unknown}

Dungeon Overview and Level Annotations

Branches:
Dungeon (2/15) Zot: 10764

Altars:

Annotations:
D:2 1 runed translucent door, Crazy Yiuf, Sigmund

#. .# #. ### .#
#.#...#.#
#####....#..###
##......#>.....
#?..# .(.....
#...####..{##
#####........@..#
####...............#
...................#
...................#
...........#.......#
####.#.#...#.......#
#.#.#......>....#
#.........#######
######.#...###


There were no monsters in sight!


Message History

No target in view!
No target in view!
No target in view!
No target in view!
No target in view!
No target in view!
No target in view!
No target in view!
No target in view!
No target in view!
No target in view!
No target in view!
No target in view!
A frilled lizard is nearby!
The frilled lizard bites you but does no damage.
You miss the frilled lizard.
The frilled lizard bites you but does no damage.
You completely miss the frilled lizard. The frilled lizard closely misses you.
The frilled lizard barely misses you.
You slash the frilled lizard!
You kill the frilled lizard!
No target in view!
No target in view!
No target in view!
No target in view!
No target in view!
No target in view!
No target in view!
No target in view!
No target in view!
No target in view!
No target in view!
No target in view!
No target in view!
n - a coppery potion Crazy Yiuf cries, "You leg down broken song, no?"
Sigmund the Dreaded comes into view.
He is wielding a +0 scythe.
Found a stone staircase leading down.
Sigmund shouts!
Sigmund points at you and mumbles some strange words.
You resist with significant effort.
An endoplasm comes into view.
The endoplasm quivers.
Sigmund gestures at you while chanting. You resist with significant effort.
Sigmund barely misses you. The endoplasm freezes you.
You are frozen. 😕 HP[-5]
You take 5 damage, and now have 28/33 hp.
You closely miss Sigmund. You slash the endoplasm!
You kill the endoplasm!
You block Sigmund's attack.
You closely miss Sigmund. Sigmund gestures at you while chanting.
The puff of flame hits you! 😮 HP[-9]
You take 9 damage, and now have 19/33 hp.
MASSIVE DAMAGE!! (PAUSE)
You hit Sigmund. Sigmund barely misses you. You furiously retaliate!
You headbutt Sigmund! You hit Sigmund.
Sigmund says, "Your kind have come here before.
I understand now why.
You desire death..."
Sigmund hits you with a +0 scythe. 😮 HP[-2]
You take 2 damage, and now have 17/33 hp.
You closely miss Sigmund. Your headbutt misses Sigmund.
Sigmund points at you and mumbles some strange words.
You are confused.
Sigmund attacks as you move away! Sigmund closely misses you.
You're too confused to move!
Sigmund hits you from afar with a +0 scythe.
* * * LOW HITPOINT WARNING * * *
😨 HP[-4]
You take 4 damage, and now have 13/33 hp.
Sigmund mumbles some strange words.
Sigmund flickers and vanishes!
Deactivating autopickup; reactivate with Ctrl-A. 😨 HP[+1]
You miss something. Something hits you!
* * * LOW HITPOINT WARNING * * *
😱 HP[-8]
You take 8 damage, and now have 6/33 hp.
MASSIVE DAMAGE!! (PAUSE) You're too confused to move!
You're too confused to move!
You feel less confused. Something hits you but does no damage.
You miss something.
You hear some strange, mumbled words.
Something tries to affect you, but you resist.
You barely miss something. Something hits you.
* * * LOW HITPOINT WARNING * * *
😱 HP[-5]
You take 5 damage, and now have 1/33 hp.
You slash something!
You hear some strange, mumbled words.
Something tries to affect you, but you resist.
Something hits you.
You die...

Skill      XL: |  1  2 |
---------------+-------+-----
Axes           | 3 |  3.7
Fighting       | 4 |  4.1
Armour         | 4 |  4.1
Shields        | 4 |  4.1

Action                   || total
-------------------------++-------
Melee: War axe           ||    69
       Headbutt          ||     4
Armor: Scale mail        ||    37
Dodge: Dodged            ||    35
Block: Buckler           ||    17

Levels and vault maps discovered:
D:1:      dpeg_arrival_orchard, layout_rooms, hellmonk_ecumenical_altar_run_dry,
          grunt_decor_arrowhead
D:2:      layout_loops_cross, hex_tiny, minmay_misc_feat_tower,
          kennysheep_generic_room_7, uniq_crazy_yiuf_cottage, uniq_sigmund

Notes
Turn   | Place    | Note
-------+----------+-------------------------------------------
     0 | D:1      | Sanktem7 the Minotaur Fighter began the quest for the Orb.
     0 | D:1      | Reached XP level 1. HP: 19/19 MP: 0/0
     0 | D:1      | magus.rc [v1.9.6]
     5 | D:1      | You pick up a book of Dreams and begin reading...
     5 | D:1      | You add the spells Ensorcelled Hibernation, Spider Form and
                  | Anguish to your library.
    23 | D:1      | Found a faded altar of an unknown god.
   105 | D:1      | Reached XP level 2. HP: 27/27 MP: 1/1
   299 | D:1      | Reached skill level 3 in Axes
   658 | D:2      | Reached skill level 4 in Fighting
   658 | D:2      | Reached skill level 4 in Armour
   658 | D:2      | Reached skill level 4 in Shields
   658 | D:2      | Reached XP level 3. HP: 31/33 MP: 2/2
  1165 | D:2      | Found a runed translucent door.
  1166 | D:2      | Noticed Crazy Yiuf
  1190 | D:2      | Noticed Sigmund
  1203 | D:2      | HP: 6/33 [something (8)]
  1207 | D:2      | HP: 1/33 [something (5)]
  1208 | D:2      | Slain by Sigmund

Vanquished Creatures
  3 adders (D:2)
  A dart slug (D:1)
  An orc (D:2)
  3 ball pythons (D:1)
  4 bats (D:1)
  6 endoplasms
  A goblin (D:1)
  2 hobgoblins
  A quokka (D:1)
  3 frilled lizards
  3 kobolds
  A rat (D:1)
29 creatures vanquished.

Table legend:
 A = Non-vault XP
 B = Vault XP
 C = Vault XP percentage of total XP
 D = Non-vault monster count
 E = Vault monster count
 F = Vault count percentage of total count
                 A         B        C        D         E       F
            +---------+---------+-------+---------+---------+-------
      Total |      82 |       2 |   2.4 |      28 |       1 |   3.4
            +---------+---------+-------+---------+---------+-------
        D:1 |      31 |       0 |   0.0 |      19 |       0 |   0.0
        D:2 |      51 |       2 |   3.8 |       9 |       1 |  10.0
            +---------+---------+-------+---------+---------+-------

Illustrated notes

Table legend:
 A = Kills in this place as a percentage of kills in entire the game.
 B = Kills by you in this place as a percentage of kills by you in the entire game.
 C = Kills by friends in this place as a percentage of kills by friends in the entire game.
 D = Other kills in this place as a percentage of other kills in the entire game.
 E = Experience gained in this place as a percentage of experience gained in the entire game.
 F = Experience gained in this place divided by the number of levels of this place that you have seen.
                   A       B       C       D       E      F
               +-------+-------+-------+-------+-------+----------------------
         Total | 100.0 | 100.0 |   N/A |   N/A | 100.0 |  42.0
       Dungeon | 100.0 | 100.0 |   N/A |   N/A | 100.0 |  42.0
               +-------+-------+-------+-------+-------+----------------------

Table legend: (Time is in decaauts)
 A = Elapsed time spent in this place.
 B = Non-inter-level travel time spent in this place.
 C = Inter-level travel time spent in this place.
 D = Time resting spent in this place.
 E = Time spent auto-exploring this place.
 F = Levels seen in this place.
 G = Mean time per level.
                   A        B        C        D        E       F      G
               +--------+--------+--------+--------+--------+-----+--------+
         Total |   1234 |   1220 |     14 |      0 |   1039 |   2 |  617.0 |
       Dungeon |   1234 |   1220 |     14 |      0 |   1039 |   2 |  617.0 |
               +--------+--------+--------+--------+--------+-----+--------+

Top non-repeatable levels by time:
     D:1: 662 daAuts
     D:2: 571 daAuts
